 Dungeon Crawl Stone Soup version 0.30.1-4-g462c640d31 (webtiles) character file.

Game seed: 14997504764584185401

786 DoctorOfPepper the Gouger (level 7, -6/31 HPs)
             Began as a Felid Berserker on Sept 4, 2023.
             Was a Priest of Trog.
             Mangled by a killer bee (8 damage)
             ... on level 7 of the Dungeon.
             The game lasted 00:36:17 (8324 turns).

DoctorOfPepper the Gouger (Felid Berserker)         Turns: 8324, Time: 00:36:18

Health: -6/31      AC:  2    Str: 17    XL:     7   Next: 56%
Magic:  8/8        EV: 23    Int:  8    God:    Trog [***...]
Gold:   65         SH:  0    Dex: 16    Spells: 6/6 levels left
                                        Lives:  0   Deaths: 2

rFire   . .          .
                       - Unarmed
rCold   . . .        (shield unavailable)
rNeg    . . .        (body armour unavailable)
rPois   .            (helmet unavailable)
rElec   .            (cloak unavailable)
rCorr   .            (gloves unavailable)
SInv    +            (boots unavailable)
Will    ++...        (no amulet)
Stlth   +            o - ring of willpower
HPRegen 0.25/turn    r - +5 ring of evasion
MPRegen 0.11/turn

%: no passive effects
@: lethally poisoned (-6 -> -22), on berserk cooldown, slowed, slow
A: very small, claws 1, fangs 3, see invisible, speed 1, shaggy fur 2, stealthy
paws, no weapons or thrown items, no armour, multi-lived
a: Renounce Religion, Berserk, Trog's Hand


You were on level 7 of the Dungeon.
You worshipped Trog.
Trog was most pleased with you.
You visited 2 branches of the dungeon, and saw 9 of its levels.

You collected 450 gold pieces.
You spent 385 gold pieces at shops.

Inventory:

Jewellery
 j - an amulet of magic regeneration
 o - a ring of willpower (left paw)
 r - a +5 ring of evasion (right paw)
 z - a ring of fire
Wands
 v - a wand of paralysis (11)
 y - a wand of digging (1)
 B - a wand of roots (5)
 C - a wand of flame (16)
Scrolls
 a - 8 scrolls of teleportation {unknown}
 b - 6 scrolls of identify {unknown}
 c - a scroll of acquirement {unknown}
 d - 2 scrolls of immolation {unknown}
 e - 4 scrolls of magic mapping {unknown}
 f - 2 scrolls of poison {unknown}
 h - 5 scrolls of enchant weapon {unknown}
 m - a scroll of noise {unknown}
 t - a scroll of enchant armour {unknown}
 u - a scroll of vulnerability {unknown}
 A - a scroll of torment {unknown}
Potions
 g - 2 potions of ambrosia {unknown}
 i - 4 potions of flight {unknown}
 k - a potion of invisibility {unknown}
 l - 5 potions of curing {unknown}
 n - 3 potions of mutation {unknown}
 p - 3 potions of magic {unknown}
 q - 2 potions of heal wounds
 s - 2 potions of might {unknown}
 w - a potion of berserk rage
 x - a potion of resistance


   Skills:
 - Level 3.2 Fighting
 - Level 4.3 Dodging
 * Level 12.8 Unarmed Combat


You had 6 spell levels left.
You didn't know any spells.
Your spell library contained the following spells:

 Spells                   Type           Power      Damage    Failure   Level
 Shock                    Conj/Air       0%         1d3       41%         1
 Slow                     Hex            0%         N/A       41%         1
 Cigotuvi's Dreadful Rot  Necr/Pois/Air  0%         N/A       54%         2
 Confusing Touch          Hex            0%         N/A       78%         3
 Vampiric Draining        Necr           0%         2d6       78%         3
 Dispel Undead            Necr           0%         3d6       99%         4
 Leda's Liquefaction      Hex/Erth       0%         N/A       99%         4
 Death Channel            Necr           0%         N/A       100%        6


Dungeon Overview and Level Annotations

Branches:
Dungeon (8/15)             Temple (1/1) D:6
   Lair: D:8-11

Altars:
Ashenzari
Cheibriados
Dithmenos
Elyvilon
Fedhas
Kikubaaqudgha
Makhleb
Okawaru
Qazlal
Ru
Sif Muna
Trog
Uskayaw
Vehumet
Yredelemnul
Zin
The Shining One

Shops:
D:5 *=*:!   D:6 ?   D:7 :([***   D:8 *


Innate Abilities, Weirdness & Mutations

You have sharp claws.
You have razor-sharp teeth.
You have supernaturally acute eyesight. (SInv)
You cover ground quickly. (Speed+)
You are covered in thick fur. (AC +2)
Your paws help you pounce on unaware monsters.
You are incapable of wielding weapons or throwing items.
You cannot wear armour.
You gain extra lives every three experience levels.


Message History

You feel sick. The killer bee completely misses you. The killer bee misses you.
There is a stone staircase leading up, spattered with blood here.
You can't go down here!
You feel sick. The killer bee completely misses you.
The killer bee barely misses you. The killer bee completely misses you.
The killer bee barely misses you. The gnoll misses you.
The killer bee stings you.
The killer bee stings you but does no damage.
You climb upwards.
You feel sick.
You are no longer poisoned.
There is a stone staircase leading down here.
Okay, then.
You scratch the gnoll.
The gnoll is lightly wounded.
The killer bee barely misses you. The killer bee completely misses you.
The gnoll misses you. The killer bee completely misses you.
You claw the gnoll!
The gnoll is severely wounded.
The killer bee stings you but does no damage.
The killer bee completely misses you. The gnoll hits you with a +0 club.
The killer bee misses you. x2; The gnoll barely misses you.
The killer bee completely misses you. x2
You scratch the gnoll.
You kill the gnoll!
Trog accepts your kill.
The killer bee completely misses you. x2; The killer bee misses you.
You miss the killer bee. The killer bee barely misses you.
The killer bee closely misses you. x3; The killer bee misses you.
The killer bee stings you.
You completely miss the killer bee. You bite the killer bee.
The killer bee is moderately wounded.
The killer bee stings you but does no damage.
The killer bee stings you.
* * * LOW HITPOINT WARNING * * *
You are lethally poisoned!
The killer bee poisons you! The killer bee stings you.
* * * LOW HITPOINT WARNING * * *
You are more poisoned.
The killer bee poisons you! The killer bee stings you!
You die...

#.# #.# #... #.# #### #.#
#... #.###..# ##.######...
##...#.# #........... #.∩.#.#
###########.
##...#.#####################.
#.###...).).)................
#.##....####yy...............
#.##....# #@y..[............
#.##)...## #####[)###########
#.#..<...# #.∩#####
#.#......########.....##
#.#......)......#####..######
#.#......######.# ##......#
#.#......# ##..# ###.....
#.######## #⌠.⌠# ##.... #.#
#.∩.# #...#


You could see 3 killer bees.

Vanquished Creatures
  A yak (D:6)
  A steam dragon (D:7)
  An acid dragon (D:7)
  A water moccasin (D:6)
  3 sky beasts
  A black bear (D:6)
  A phantom (D:7)
  2 ogres
  A centaur (D:7)
  2 bullfrogs
  A gnoll sergeant (D:8)
  2 scorpions
  4 killer bees (D:8)
  A jelly (D:6)
  2 gnoll boudas (D:7)
  6 hounds
  2 sleepcaps (D:5)
  4 iguanas
  5 orc wizards
  Robin (D:2)
  15 gnolls
  9 adders
  A white imp (D:6)
  An ufetubus (D:7)
  2 worms
  2 dart slugs
  19 orcs
  6 ball pythons
  4 bats
  6 endoplasms
  5 giant cockroaches
  17 goblins
  12 hobgoblins
  4 jackals
  6 kobolds
  4 quokkas
  A frilled lizard (D:2)
  5 rats
161 creatures vanquished.

Notes
Turn   | Place    | Note
-------+----------+-------------------------------------------
     0 | D:1      | DoctorOfPepper the Felid Berserker began the quest for the
                  | Orb.
     0 | D:1      | Reached XP level 1. HP: 10/10 MP: 2/2
   370 | D:1      | Got Sif Muna's Handbook of the Enthralling Volley
   377 | D:1      | Reached XP level 2. HP: 14/14 MP: 3/3
  1793 | D:2      | Noticed Robin
  1799 | D:2      | Killed Robin
  1800 | D:2      | Reached skill level 4 in Unarmed Combat
  1800 | D:2      | Reached XP level 3. HP: 17/17 MP: 4/4
  1935 | D:2      | Found a faded altar of an unknown god.
  1937 | D:2      | Noticed a floating eye
  1937 | D:2      | Noticed an eye of devastation
  1938 | D:2      | Noticed a great orb of eyes
  1938 | D:2      | Noticed a shining eye
  1964 | D:2      | Reached XP level 4. HP: 21/21 MP: 5/5
  1985 | D:2      | Reached ** piety under Trog
  1986 | D:2      | Reached skill level 5 in Unarmed Combat
  3021 | D:3      | Reached XP level 5. HP: 24/24 MP: 6/6
  3632 | D:4      | Noticed an ogre
  3638 | D:4      | Killed an ogre
  3639 | D:4      | Reached skill level 6 in Unarmed Combat
  3873 | D:5      | Entered Level 5 of the Dungeon
  3882 | D:5      | Gained mutation: You are covered in thick fur. (AC +2)
                  | [Felid growth]
  3882 | D:5      | Reached XP level 6. HP: 22/28 MP: 7/7
  4701 | D:5      | Reached skill level 7 in Unarmed Combat
  5028 | D:5      | Reached XP level 7. HP: 31/31 MP: 8/8
  5076 | D:5      | Found Ruatruc's Distillery.
  5080 | D:5      | Bought 2 potions of heal wounds for 130 gold pieces
  5080 | D:5      | Bought a potion of berserk rage for 65 gold pieces
  5080 | D:5      | Bought a potion of resistance for 130 gold pieces
  5106 | D:5      | Reached skill level 8 in Unarmed Combat
  5294 | D:5      | Found Ferugu Zata's Jewellery Shoppe.
  5294 | D:5      | Found Qorex's Assorted Antiques.
  5295 | D:5      | Found Ruamell's Book Shoppe.
  5296 | D:5      | Found Boeseirghu's Assorted Antiques.
  6050 | D:6      | Reached skill level 9 in Unarmed Combat
  6201 | D:6      | Found a glowing silver altar of Zin.
  6202 | D:6      | Found an iron altar of Okawaru.
  6204 | D:6      | Found a glowing golden altar of the Shining One.
  6204 | D:6      | Found a sacrificial altar of Ru.
  6235 | D:6      | Reached XP level 8. HP: 27/34 MP: 9/9
  6354 | D:6      | Reached skill level 10 in Unarmed Combat
  6710 | D:6      | Found The Oracle's Delphic Readings.
  6783 | D:6      | Found a staircase to the Ecumenical Temple.
  6805 | Temple   | Entered the Ecumenical Temple
  7044 | D:6      | Reached skill level 11 in Unarmed Combat
  7197 | D:7      | Found Leinoxzo's Assorted Antiques.
  7352 | D:7      | Identified the +7 hand axe of the Futuristic God {freeze,
                  | rPois MP+9 Str-4 Dex+4}
  7514 | D:7      | Reached *** piety under Trog
  7624 | D:7      | Found Toimypu's Lightly-Used Armoury.
  7644 | D:7      | HP: 2/51 [centaur/arrow (5)]
  7654 | D:7      | Reached skill level 12 in Unarmed Combat
  7654 | D:7      | Reached XP level 9. HP: 19/38 MP: 10/10
  7737 | D:7      | Found Ytuholef's Book Shoppe.
  7843 | D:7      | Found Vohilupn's Antique Weapon Boutique.
  7942 | D:7      | Found Neogecu's General Store.
  7950 | D:7      | Bought a potion of heal wounds for 60 gold pieces
  8171 | D:7      | Found Diple's Armour Shop.
  8211 | D:8      | Slain by a killer bee
  8212 | D:8      | Reached XP level 8. HP: -1/34 MP: 9/9
  8277 | D:8      | Killed from afar by a steam dragon
  8278 | D:8      | Reached XP level 7. HP: -6/31 MP: 8/8
  8278 | D:8      | Found Quan Asa's Assorted Antiques.
  8324 | D:7      | Mangled by a killer bee

Illustrated notes

Levels and vault maps discovered:
D:1:      minmay_arrival_four_circles, layout_basic, minmay_pentomino_v2
D:2:      layout_basic, hellmonk_ecumenical_altar_watching_god, uniq_robin
D:3:      layout_basic, nicolae_figureground_sparkle
D:4:      layout_basic, chequers_ossuary_entry_cave
D:5:      layout_basic, serial_shops, shop, minmay_shop_grid_forest,
          minmay_misc_feat_room, grunt_ministairs_8
D:6:      layout_loops_ring, chequers_temple_overflow_statue_of_worship,
          minmay_temple_entry_hall, nicolae_nh_oracle_at_delphi
D:7:      layout_basic, serial_shops, shop_fountains,
          nicolae_shop_real_fake_doors, nicolae_diamond_shop,
          nicolae_book_shop_shelving, nicolae_diamond_shop, minmay_shop_damaged,
          nicolae_grassy_gnolls
D:8:      layout_rooms, chequers_temple_overflow_minitemple,
          hellmonk_lair_entry_icy, serial_shops, shop
Temple:   dshaligram_water_room_temple

Skill      XL: |  1  2  3  4  5  6  7  8 |
---------------+-------------------------+-----
Unarmed Combat | 4 5 6 7 9 12 | 12.8
Fighting       | |  3.2
Dodging        | |  4.3

Action                     |  1- 3 |  4- 6 |  7- 9 || total
---------------------------+-------+-------+-------++-------
  Melee: Unarmed           |    83 |   149 |   180 ||   412
         Bite              |     9 |    14 |    18 ||    41
         Punch             |     1 |     7 |    12 ||    20
 Invoke: Berserk           |     1 |     5 |    15 ||    21
    Use: Potion            |       |       |     2 ||     2
   Stab: Sleeping          |     2 |     3 |       ||     5
         Distracted        |       |     1 |       ||     1
 Armour: Skin              |     4 |     9 |     7 ||    20
  Dodge: Dodged            |    47 |   137 |   202 ||   386
